 Dungeon Crawl Stone Soup version 0.30-a0-161-gdd60e06945 (webtiles) character file.

Game seed: 536827761186918454

4098 qw the Cleaver (level 10, -23/63 HPs)
             Began as a Gargoyle Fighter on Sept 27, 2022.
             Was an Elder of Okawaru.
             Annihilated by a quicksilver dragon simulacrum (37 damage)
             ... on level 1 of the Abyss.
             The game lasted 00:02:57 (8558 turns).

qw the Cleaver (Gargoyle Fighter)                   Turns: 8558, Time: 00:02:58

Health: -23/63     AC: 28    Str: 24    XL:     10   Next: 26%
Magic:  11/13      EV:  9    Int:  9    God:    Okawaru [****..]
Gold:   350        SH:  5    Dex:  7    Spells: 9/9 levels left

rFire   . . .      SeeInvis .    Y - +6 war axe (freeze)
rCold   . . .      Faith    .    c - +0 buckler
rNeg    + . .      Spirit   .    f - +0 chain mail
rPois   inf        Reflect  .    b - +1 helmet
rElec   +          Harm     .    i - +0 cloak
rCorr   .          Rampage  .    e - +2 pair of gloves
Will    +....                    g - +0 pair of boots
Stlth   ..........               (no amulet)
HPRegen 0.20/turn                q - ring of willpower
MPRegen 0.13/turn                (no ring)

@: heroic
A: sickness immunity, AC +7, negative energy resistance 1, electricity
resistance, torment resistance 1, petrification resistance, clumsy 1,
deterioration 1
a: Renounce Religion, Heroism, Finesse


You were on level 1 of the Abyss.
You worshipped Okawaru.
Okawaru was greatly pleased with you.
You visited 2 branches of the dungeon, and saw 10 of its levels.
You visited the Abyss 1 time.
You also visited: Ossuary.

You collected 390 gold pieces.
You spent 40 gold pieces at shops.


Innate Abilities, Weirdness & Mutations

You are immune to sickness and miasma.
Your stone body is resilient. (AC +7)
You are immune to poison.
You resist negative energy. (rN+)
You are resistant to electric shocks. (rElec)
You are resistant to unholy torment.
You are immune to petrification.
You are clumsy. (Dex -2)
Your body sometimes deteriorates upon taking damage.


   Skills:
 + Level 7.2(12.2) Fighting
 - Level 10.2(15.2) Axes
 - Level 2.0(7.0) Throwing
 - Level 6.0(11.0) Armour
 - Level 1.5(6.5) Dodging
 - Level 4.3(9.3) Shields
 + Level 4.3 Invocations


You had 9 spell levels left.
You didn't know any spells.
Your spell library was empty.

Inventory:

Hand Weapons
 r - a +4 morningstar
 Y - a +6 war axe of freezing (weapon)
Missiles
 p - 2 boomerangs
 t - a silver boomerang (quivered)
Armour
 b - a +1 helmet (worn)
 c - a +0 buckler (worn)
 e - a +2 pair of gloves (worn)
 f - a +0 chain mail (worn)
 g - a +0 pair of boots (worn)
 i - a +0 cloak (worn)
Jewellery
 q - a ring of willpower (left hand)
Scrolls
 a - 9 scrolls of identify
 n - a scroll of teleportation
Potions
 d - 7 potions of might
 h - 2 potions of lignification
 j - a potion of mutation
 k - 2 potions of curing
 l - 6 potions of heal wounds
 m - 2 potions of cancellation
 o - 2 potions of haste
 v - a potion of magic
 x - a potion of resistance

Dungeon Overview and Level Annotations

Branches:
Dungeon (9/15)             Temple (1/1) D:4         Ossuary (visited)
   Lair: D:8-11         Orc: D:9-12

Altars:
Ashenzari
Cheibriados
Dithmenos
Elyvilon
Fedhas
Gozag
Hepliaklqana
Kikubaaqudgha
Makhleb
Nemelex Xobeh
Okawaru
Qazlal
Ru
Sif Muna
Trog
Uskayaw
Vehumet
Wu Jian
Xom
Yredelemnul
Zin
The Shining One

Shops:
D:2 ?   D:3 =   D:9 *

Annotations:
D:9 Psyche


Message History

Okawaru accepts your kill.
You start resting.
HP restored.
Things that are here:
a +0 whip of venom; a gnoll corpse You see here a +0 club.
Psyche the Insane Magess comes into view.
She is wielding a +4 dagger of distortion.
Psyche shouts!
Psyche moves out of view.
You see here a +0 whip.
8480 ||| INVOKING Heroism.
You gain the combat prowess of a mighty hero.
Psyche mumbles some strange words.
Psyche flickers and vanishes!
Deactivating autopickup; reactivate with Ctrl-A.
You hit something. You freeze something.
You hear some strange, mumbled words.
A swirling arc of seething chaos appears!
An arc of chaos appears from out of thin air!
The arc of chaos hits you but does no damage.
You slash something! You freeze something.
Something hits you but does no damage.
You are cast into the Abyss!
This branch contains the abyssal rune of Zot.
Reactivating autopickup.
You feel like a meek peon again.
An earth elemental comes into view.
8554 ||| Stepping ~*~*~tactically~*~*~ (stealth).
A quicksilver dragon simulacrum comes into view.
8556 ||| Stepping ~*~*~tactically~*~*~ (stealth).
The quicksilver dragon simulacrum bites you but does no damage.
The quicksilver dragon simulacrum claws you.
The quicksilver dragon simulacrum freezes you!!!
Ouch! That really hurt!
8558 ||| INVOKING Heroism.
You gain the combat prowess of a mighty hero.
The quicksilver dragon simulacrum bites you.
The quicksilver dragon simulacrum freezes you!!!
Ouch! That really hurt!
You die...

.# .## # ..#. ...
.\. .# # #.#
..#..
#..###.#####.....
#....Z.......#
...E.#@...#
#.....#
#.........#
......#......
#..#####.######
## #.# .# #.##
### ... #..


You could see a quicksilver dragon simulacrum.

Vanquished Creatures
  A two-headed ogre (D:9)
  2 steam dragons
  Menkaure (D:5)
  2 water moccasins (D:8)
  An acid dragon (D:8)
  2 orc warriors (D:9)
  Duvessa (D:5)
  An ice beast (D:5)
  2 ogres
  2 centaurs (D:8)
  2 phantoms (D:5)
  Blork the orc (D:4)
  A bullfrog (D:6)
  2 gnoll sergeants
  3 necrophages
  2 water moccasin zombies (Ossuary)
  6 wights
  Dowan (D:5)
  5 centaur zombies (Ossuary)
  2 jellies
  A gnoll bouda (D:8)
  4 orc priests
  4 hounds (D:5)
  Terence (D:3)
  3 iguanas
  5 orc wizards
  3 adders
  21 gnolls
  A shadow imp (D:6)
  3 white imps
  2 ufetubi (D:5)
  4 adder zombies (Ossuary)
  A worm (D:2)
  2 dart slugs
  29 orcs
  3 endoplasms
  4 giant cockroaches
  2 gnoll zombies (Ossuary)
  5 hobgoblins
  11 jackals
  6 kobolds
  5 ball pythons
  3 bats
  A frilled lizard (D:3)
  5 goblin zombies (Ossuary)
  4 hobgoblin zombies (Ossuary)
  An orc zombie (Ossuary)
  4 rats
178 creatures vanquished.

Notes
Turn   | Place    | Note
-------+----------+-------------------------------------------
     0 | D:1      | qw the Gargoyle Fighter began the quest for the Orb.
     0 | D:1      | Reached XP level 1. HP: 14/14 MP: 1/1
     0 | D:1      | 0 ||| qw: Version: 0.2-a-10-g37ed214
     0 | D:1      | 0 ||| qw: Game counter: 693
     0 | D:1      | 0 ||| qw: Always use a shield: true
     0 | D:1      | 0 ||| qw: God list: Okawaru
     0 | D:1      | 0 ||| qw: Allow faded altars: false
     0 | D:1      | 0 ||| qw: Do Orc after D:15 true
     0 | D:1      | 0 ||| qw: Do second Lair branch before Depths: true
     0 | D:1      | 0 ||| qw: Lair rune preference: random
     0 | D:1      | 0 ||| qw: Plans: Normal, Zot:1-4, God:TSO, Crypt, Tomb,
                  | Pan, Slime:5, Hells, Abyss, Orb
     0 | D:1      | 0 ||| PLANNING D:1-11
    86 | D:1      | Reached skill level 2 in Axes
   304 | D:1      | Reached XP level 2. HP: 19/19 MP: 2/2
   820 | D:1      | 820 ||| DROPPING +0 club.
  1007 | D:1      | 1007 ||| DROPPING orb of energy.
  1008 | D:1      | 1008 ||| UPGRADING to +0 pair of boots.
  1013 | D:1      | 1013 ||| READING 2 scrolls labelled XAOZYKU IBBUUD.
  1108 | D:2      | 1108 ||| Stepping ~*~*~tactically~*~*~ (stealth).
  1122 | D:2      | Reached skill level 3 in Axes
  1150 | D:2      | 1150 ||| Stepping ~*~*~tactically~*~*~ (hiding).
  1156 | D:2      | Reached XP level 3. HP: 17/23 MP: 3/3
  1276 | D:2      | 1276 ||| Stepping ~*~*~tactically~*~*~ (stealth).
  1840 | D:2      | Found Uwuwn's Magic Scroll Shop.
  1849 | D:2      | 1849 ||| SHOPLISTING 2 scrolls of teleportation (60 gold,
                  | have 57).
  1849 | D:2      | 1849 ||| SHOPLISTING 3 scrolls of identify (60 gold, have
                  | 57).
  1849 | D:2      | 1849 ||| SHOPLISTING scroll of enchant weapon (75 gold,
                  | have 57).
  1849 | D:2      | 1849 ||| BUYING scroll of identify (20 gold).
  1849 | D:2      | Bought a scroll of identify for 20 gold pieces
  1849 | D:2      | 1849 ||| BUYING scroll of identify (20 gold).
  1849 | D:2      | Bought a scroll of identify for 20 gold pieces
  1849 | D:2      | 1849 ||| SHOPLISTING scroll of teleportation (30 gold, have
                  | 17).
  1920 | D:2      | 1920 ||| UPGRADING to +1 pair of gloves.
  1925 | D:2      | 1925 ||| UPGRADING to +0 chain mail.
  1935 | D:2      | 1935 ||| DROPPING +0 scale mail.
  1936 | D:2      | 1936 ||| READING scroll labelled YFRASATU AKIL.
  1937 | D:2      | 1937 ||| READING scroll labelled SAIJAPEHAI.
  2104 | D:3      | 2104 ||| Stepping ~*~*~tactically~*~*~ (hiding).
  2114 | D:3      | Reached skill level 4 in Axes
  2114 | D:3      | Reached XP level 4. HP: 10/28 MP: 4/4
  2312 | D:3      | 2312 ||| DROPPING +0 mace.
  2514 | D:3      | Found Veoreta's Jewellery Boutique.
  2515 | D:3      | Noticed Terence
  2520 | D:3      | Killed Terence
  2549 | D:3      | 2549 ||| SHOPLISTING +4 ring of evasion (432 gold, have
                  | 42).
  2549 | D:3      | 2549 ||| SHOPLISTING +6 ring of dexterity (432 gold, have
                  | 42).
  2549 | D:3      | 2549 ||| SHOPLISTING +6 ring of strength (432 gold, have
                  | 42).
  2549 | D:3      | 2549 ||| SHOPLISTING ring "Xegiuf" {+Blink rCorr Str+6
                  | Dex-3} (591 gold, have 42).
  2549 | D:3      | 2549 ||| SHOPLISTING ring of ice (300 gold, have 42).
  2549 | D:3      | 2549 ||| SHOPLISTING ring of protection from fire (300
                  | gold, have 42).
  2549 | D:3      | 2549 ||| SHOPLISTING ring of resist corrosion (240 gold,
                  | have 42).
  2549 | D:3      | 2549 ||| SHOPLISTING ring of willpower (300 gold, have 42).
  2559 | D:3      | 2559 ||| DROPPING orb of guile.
  2560 | D:3      | 2560 ||| READING scroll labelled MIP CIODIEQOTU.
  2561 | D:3      | 2561 ||| READING scroll labelled QUYXTE PYSAIKH.
  2566 | D:3      | 2566 ||| READING 4 scrolls of identify.
  2566 | D:3      | 2566 ||| IDENTIFYING grey potion
  2581 | D:4      | Noticed a necrophage
  2593 | D:4      | Killed a necrophage
  2594 | D:4      | Reached XP level 5. HP: 22/32 MP: 5/5
  2594 | D:4      | 2594 ||| STAIRDANCE
  2736 | D:4      | 2736 ||| READING scroll of enchant weapon.
  2736 | D:4      | 2736 ||| ENCHANTING +1 war axe.
  2826 | D:4      | Reached skill level 5 in Axes
  2828 | D:4      | Noticed Blork the orc
  2847 | D:4      | Killed Blork the orc
  2848 | D:4      | Reached XP level 6. HP: 18/39 MP: 6/6
  2853 | D:4      | HP: 8/39 [gnoll/+0 mace (5)]
  3195 | D:4      | Found a staircase to the Ecumenical Temple.
  3196 | D:4      | 3196 ||| PLANNING TEMPLE
  3200 | D:4      | 3200 ||| UPGRADING to +0 cloak.
  3205 | D:4      | 3205 ||| UPGRADING to amulet of guardian spirit.
  3210 | D:4      | 3210 ||| READING 4 scrolls of identify.
  3210 | D:4      | 3210 ||| IDENTIFYING fuming emerald potion
  3211 | D:4      | 3211 ||| READING 3 scrolls of identify.
  3211 | D:4      | 3211 ||| IDENTIFYING murky golden potion
  3212 | D:4      | 3212 ||| DROPPING potion of flight.
  3218 | Temple   | Entered the Ecumenical Temple
  3222 | Temple   | 3222 ||| PLANNING OKAWARU WORSHIP
  3265 | Temple   | Became a worshipper of Warmaster Okawaru
  3266 | Temple   | 3266 ||| PLANNING D:1-11
  3266 | Temple   | 3266 ||| REMOVING amulet of guardian spirit.
  3271 | Temple   | 3271 ||| DROPPING amulet of guardian spirit.
  3470 | D:4      | 3470 ||| READING scroll of enchant weapon.
  3470 | D:4      | 3470 ||| ENCHANTING +2 war axe.
  3555 | D:5      | Entered Level 5 of the Dungeon
  3555 | D:5      | Noticed Duvessa
  3555 | D:5      | Noticed Dowan
  3561 | D:5      | Killed Duvessa
  3562 | D:5      | Reached skill level 6 in Axes
  3562 | D:5      | Reached XP level 7. HP: 32/44 MP: 7/7
  3569 | D:5      | HP: 6/44 [Dowan/shard of ice (8)]
  3569 | D:5      | HP: 2/44 [Dowan/shard of ice (4)]
  3575 | D:5      | Killed Dowan
  3575 | D:5      | Reached * piety under Okawaru
  3576 | D:5      | Reached skill level 1 in Dodging
  3900 | D:5      | Reached skill level 1 in Invocations
  3916 | D:5      | 3916 ||| INVOKING Heroism.
  4028 | D:5      | 4028 ||| INVOKING Heroism.
  4037 | D:5      | 4037 ||| Stepping ~*~*~tactically~*~*~ (stealth).
  4039 | D:5      | 4039 ||| Stepping ~*~*~tactically~*~*~ (stealth).
  4058 | D:5      | 4058 ||| INVOKING Heroism.
  4068 | D:5      | Reached skill level 3 in Invocations
  4068 | D:5      | Reached XP level 8. HP: 38/48 MP: 8/10
  4096 | D:5      | 4096 ||| Stepping ~*~*~tactically~*~*~ (stealth).
  4153 | D:5      | 4153 ||| Stepping ~*~*~tactically~*~*~ (hiding).
  4154 | D:5      | 4154 ||| Stepping ~*~*~tactically~*~*~ (hiding).
  4189 | D:5      | Reached skill level 7 in Axes
  4203 | D:5      | 4203 ||| Stepping ~*~*~tactically~*~*~ (stealth).
  4205 | D:5      | 4205 ||| Stepping ~*~*~tactically~*~*~ (stealth).
  4219 | D:5      | 4219 ||| Stepping ~*~*~tactically~*~*~ (stealth).
  4220 | D:5      | 4220 ||| Stepping ~*~*~tactically~*~*~ (stealth).
  4221 | D:5      | 4221 ||| Stepping ~*~*~tactically~*~*~ (stealth).
  4222 | D:5      | 4222 ||| Stepping ~*~*~tactically~*~*~ (stealth).
  4223 | D:5      | 4223 ||| Stepping ~*~*~tactically~*~*~ (stealth).
  4224 | D:5      | 4224 ||| Stepping ~*~*~tactically~*~*~ (stealth).
  4263 | D:5      | 4263 ||| INVOKING Heroism.
  4279 | D:5      | Reached ** piety under Okawaru
  4303 | D:5      | 4303 ||| DROPPING +2 whip of flaming.
  4340 | D:5      | Noticed Menkaure
  4341 | D:5      | 4341 ||| INVOKING Heroism.
  4354 | D:5      | Killed Menkaure
  4660 | D:5      | 4660 ||| Stepping ~*~*~tactically~*~*~ (hiding).
  4661 | D:5      | 4661 ||| Stepping ~*~*~tactically~*~*~ (hiding).
  4662 | D:5      | 4662 ||| Stepping ~*~*~tactically~*~*~ (hiding).
  4668 | D:5      | 4668 ||| DRINKING potion of curing.
  4668 | D:5      | 4668 ||| (to cure confusion)
  4687 | D:5      | Reached skill level 1 in Throwing
  4689 | D:5      | 4689 ||| FLEEEEING.
  4690 | D:5      | 4690 ||| FLEEEEING.
  4691 | D:5      | 4691 ||| FLEEEEING.
  4692 | D:5      | 4692 ||| FLEEEEING.
  4693 | D:5      | 4693 ||| FLEEEEING.
  4694 | D:5      | 4694 ||| FLEEEEING.
  4695 | D:5      | 4695 ||| STAIRDANCE
  4720 | D:4      | 4720 ||| READING scroll labelled XURHYEJOPP.
  4721 | D:4      | 4721 ||| READING scroll labelled BUKHORPH UBENUTYE.
  4722 | D:4      | 4722 ||| READING scroll labelled TOFEDONI FYRA.
  4723 | D:4      | 4723 ||| DRINKING 2 black potions.
  4824 | D:4      | 4824 ||| DRINKING 2 brown potions.
  4929 | D:4      | 4929 ||| READING 3 scrolls of identify.
  4929 | D:4      | 4929 ||| IDENTIFYING amethyst potion
  4930 | D:4      | 4930 ||| READING 2 scrolls of identify.
  4930 | D:4      | 4930 ||| IDENTIFYING fuming inky potion
  4931 | D:4      | 4931 ||| DROPPING potion of ambrosia.
  4932 | D:4      | 4932 ||| DROPPING potion of berserk rage.
  4977 | D:5      | 4977 ||| UPGRADING to +0 helmet.
  5037 | D:6      | Found a basalt altar of Yredelemnul.
  5037 | D:6      | Found a shadowy altar of Dithmenos.
  5039 | D:6      | 5039 ||| Stepping ~*~*~tactically~*~*~ (hiding).
  5156 | D:6      | 5156 ||| Stepping ~*~*~tactically~*~*~ (stealth).
  5167 | D:6      | 5167 ||| Stepping randomly (stuck).
  5180 | D:6      | 5180 ||| INVOKING Heroism.
  5181 | D:6      | 5181 ||| Stepping randomly (cloudy).
  5182 | D:6      | 5182 ||| Stepping ~*~*~tactically~*~*~ (cloud).
  5327 | D:6      | 5327 ||| INVOKING Heroism.
  5402 | D:6      | 5402 ||| Stepping ~*~*~tactically~*~*~ (stealth).
  5459 | D:6      | 5459 ||| Stepping ~*~*~tactically~*~*~ (hiding).
  5646 | D:6      | 5646 ||| INVOKING Heroism.
  5652 | D:6      | Reached skill level 8 in Axes
  6061 | D:6      | 6061 ||| UPGRADING to ring of willpower.
  6062 | D:6      | 6062 ||| READING 4 scrolls of identify.
  6062 | D:6      | 6062 ||| IDENTIFYING puce potion
  6063 | D:6      | 6063 ||| DROPPING potion of degeneration.
  6268 | D:7      | Found a hide-covered altar of Uskayaw.
  6283 | D:7      | 6283 ||| READING scroll of enchant weapon.
  6283 | D:7      | 6283 ||| ENCHANTING +3 war axe of freezing.
  6309 | D:7      | 6309 ||| READING scroll of enchant weapon.
  6309 | D:7      | 6309 ||| ENCHANTING +4 war axe of freezing.
  6346 | D:7      | Reached skill level 6 in Fighting
  6346 | D:7      | Reached XP level 9. HP: 50/55 MP: 12/12
  6374 | D:7      | 6374 ||| DROPPING +0 flail.
  6446 | D:7      | 6446 ||| Stepping ~*~*~tactically~*~*~ (hiding).
  6454 | D:7      | Reached *** piety under Okawaru
  6538 | D:7      | 6538 ||| Stepping ~*~*~tactically~*~*~ (stealth).
  6541 | D:7      | 6541 ||| INVOKING Heroism.
  6563 | D:7      | 6563 ||| Stepping ~*~*~tactically~*~*~ (hiding).
  6955 | D:7      | 6955 ||| READING 2 scrolls labelled ZUBIUK ZIVVI.
  6956 | D:7      | 6956 ||| READING scroll of enchant armour.
  6956 | D:7      | 6956 ||| ENCHANTING +1 pair of gloves.
  6957 | D:7      | 6957 ||| DRINKING 3 purple potions.
  6958 | D:7      | 6958 ||| READING 4 scrolls of identify.
  6958 | D:7      | 6958 ||| IDENTIFYING glowing emerald potion
  6959 | D:7      | 6959 ||| DROPPING potion of invisibility.
  6972 | D:8      | 6972 ||| PLANNING OSSUARY
  6990 | D:8      | 6990 ||| Stepping ~*~*~tactically~*~*~ (hiding).
  6996 | D:8      | 6996 ||| INVOKING Heroism.
  7001 | D:8      | 7001 ||| Stepping ~*~*~tactically~*~*~ (hiding).
  7003 | D:8      | 7003 ||| Stepping ~*~*~tactically~*~*~ (hiding).
  7060 | D:8      | Reached skill level 9 in Axes
  7088 | D:8      | 7088 ||| Stepping ~*~*~tactically~*~*~ (hiding).
  7132 | D:8      | 7132 ||| INVOKING Heroism.
  7366 | D:8      | Found a sand-covered staircase.
  7546 | Ossuary  | Entered an ossuary
  7695 | Ossuary  | Noticed a silent spectre
  7727 | Ossuary  | 7727 ||| DRINKING 2 coppery potions.
  7727 | Ossuary  | Gained mutation: Your body sometimes deteriorates upon
                  | taking damage. [potion of mutation]
  7727 | Ossuary  | Gained mutation: You are clumsy. (Dex -2) [potion of
                  | mutation]
  7732 | D:8      | 7732 ||| PLANNING D:1-11
  7732 | D:8      | 7732 ||| READING scroll of enchant weapon.
  7732 | D:8      | 7732 ||| ENCHANTING +5 war axe of freezing.
  7733 | D:8      | 7733 ||| READING scroll of enchant armour.
  7733 | D:8      | 7733 ||| ENCHANTING +0 helmet.
  7846 | D:8      | 7846 ||| Stepping ~*~*~tactically~*~*~ (stealth).
  7847 | D:8      | 7847 ||| Stepping ~*~*~tactically~*~*~ (stealth).
  7850 | D:8      | 7850 ||| Stepping ~*~*~tactically~*~*~ (stealth).
  7881 | D:8      | 7881 ||| Stepping ~*~*~tactically~*~*~ (stealth).
  7882 | D:8      | 7882 ||| Stepping ~*~*~tactically~*~*~ (stealth).
  7954 | D:8      | Reached skill level 6 in Armour
  7986 | D:8      | 7986 ||| Stepping ~*~*~tactically~*~*~ (cloud).
  7990 | D:8      | 7990 ||| INVOKING Heroism.
  8238 | D:8      | 8238 ||| READING scroll labelled MOACAHUYLU.
  8239 | D:8      | 8239 ||| READING scroll labelled WIHOIM NEESK.
  8240 | D:8      | 8240 ||| DRINKING 2 pink potions.
  8241 | D:8      | 8241 ||| READING 9 scrolls of identify.
  8241 | D:8      | 8241 ||| IDENTIFYING glowing red potion
  8282 | D:9      | Found Ylompoug's Changing Room.
  8283 | D:9      | 8283 ||| INVOKING Heroism.
  8287 | D:9      | Noticed a two-headed ogre
  8290 | D:9      | Reached XP level 10. HP: 63/63 MP: 10/13
  8294 | D:9      | Killed a two-headed ogre
  8294 | D:9      | Reached **** piety under Okawaru
  8295 | D:9      | Reached skill level 10 in Axes
  8309 | D:9      | 8309 ||| INVOKING Heroism.
  8375 | D:9      | 8375 ||| Stepping ~*~*~tactically~*~*~ (stealth).
  8376 | D:9      | 8376 ||| Stepping ~*~*~tactically~*~*~ (stealth).
  8377 | D:9      | 8377 ||| Stepping ~*~*~tactically~*~*~ (stealth).
  8381 | D:9      | 8381 ||| Stepping ~*~*~tactically~*~*~ (stealth).
  8382 | D:9      | 8382 ||| Stepping ~*~*~tactically~*~*~ (stealth).
  8383 | D:9      | 8383 ||| Stepping ~*~*~tactically~*~*~ (stealth).
  8389 | D:9      | 8389 ||| Stepping ~*~*~tactically~*~*~ (stealth).
  8390 | D:9      | 8390 ||| Stepping ~*~*~tactically~*~*~ (stealth).
  8423 | D:9      | 8423 ||| FLEEEEING.
  8424 | D:9      | 8424 ||| FLEEEEING.
  8425 | D:9      | 8425 ||| FLEEEEING.
  8426 | D:9      | 8426 ||| FLEEEEING.
  8427 | D:9      | 8427 ||| FLEEEEING.
  8428 | D:9      | 8428 ||| FLEEEEING.
  8429 | D:9      | 8429 ||| FLEEEEING.
  8430 | D:9      | 8430 ||| FLEEEEING.
  8431 | D:9      | 8431 ||| FLEEEEING.
  8432 | D:9      | 8432 ||| FLEEEEING.
  8433 | D:9      | 8433 ||| FLEEEEING.
  8434 | D:9      | 8434 ||| FLEEEEING.
  8435 | D:9      | 8435 ||| FLEEEEING.
  8436 | D:9      | 8436 ||| FLEEEEING.
  8437 | D:9      | 8437 ||| FLEEEEING.
  8438 | D:9      | 8438 ||| FLEEEEING.
  8439 | D:9      | 8439 ||| FLEEEEING.
  8477 | D:9      | Noticed Psyche
  8480 | D:9      | 8480 ||| INVOKING Heroism.
  8482 | Abyss:1  | Cast into level 1 of the Abyss (Psyche)
  8554 | Abyss:1  | 8554 ||| Stepping ~*~*~tactically~*~*~ (stealth).
  8556 | Abyss:1  | 8556 ||| Stepping ~*~*~tactically~*~*~ (stealth).
  8558 | Abyss:1  | 8558 ||| INVOKING Heroism.
  8558 | Abyss:1  | HP: 14/63 [quicksilver dragon simulacrum (2)]
  8558 | Abyss:1  | Annihilated by a quicksilver dragon simulacrum

Levels and vault maps discovered:
D:1:      psy_arrival_whirlpool, layout_loops_corners, minmay_misc_feat_pillars
D:2:      layout_basic, serial_shops, nicolae_shop_crystal
D:3:      layout_basic, serial_shops, shop, uniq_terence
D:4:      layout_basic, minmay_temple_entry_hall, uniq_blork_the_orc
D:5:      layout_rooms, uniq_duvessa, uniq_menkaure
D:6:      layout_basic, jmf_multi_god_temple
D:7:      layout_loops_cross, mainiacjoe_overflow_concentric_impassable,
          nicolae_figureground_sparkle
D:8:      layout_loops_corners, nicolae_ossuary_entry_false_entrances
D:9:      layout_long_grid, hangedman_abyss_or_decor_lesser_grid,
          nicolae_transmutations_shop, uniq_psyche, uniq_pikel, uniq_erolcha
Temple:   hellmonk_temple_of_storms
Abyss:1:  base: D:8, evilmike_abyss_exit_6

Skill      XL: |  1  2  3  4  5  6  7  8  9 10 |
---------------+-------------------------------+-----
Axes           | 2 3 4 5 6 8 9 10 | 10.2
Fighting       | 4 6 7 |  7.2
Dodging        | 1 |  1.5
Invocations    | 3 4 |  4.3
Armour         | 4 6 |  6.0
Throwing       | 1 2 |  2.0
Shields        | 4 |  4.3

Action                   |  1- 3 |  4- 6 |  7- 9 | 10-12 || total
-------------------------+-------+-------+-------+-------++-------
Melee: War axe           |    81 |    81 |   293 |    24 ||   479
Throw: Boomerang         |       |       |    44 |    10 ||    54
Invok: Heroism           |       |       |    13 |     3 ||    16
  Use: Scroll            |     3 |     7 |    16 |       ||    26
       Potion            |       |       |     6 |       ||     6
Armor: Scale mail        |    31 |       |       |       ||    31
       Chain mail        |     3 |    57 |   158 |     9 ||   227
Dodge: Dodged            |    35 |    34 |   105 |     6 ||   180
Block: Buckler           |    13 |    20 |    44 |       ||    77

Table legend:
 A = Non-vault XP
 B = Vault XP
 C = Vault XP percentage of total XP
 D = Non-vault monster count
 E = Vault monster count
 F = Vault count percentage of total count
                 A         B        C        D         E       F
            +---------+---------+-------+---------+---------+-------
      Total |    4658 |    1197 |  20.4 |     147 |      31 |  17.4
            +---------+---------+-------+---------+---------+-------
        D:1 |      23 |       0 |   0.0 |      14 |       0 |   0.0
        D:2 |      26 |       0 |   0.0 |      11 |       0 |   0.0
        D:3 |      56 |      36 |  39.1 |       9 |       1 |  10.0
        D:4 |     252 |      94 |  27.2 |      18 |       1 |   5.3
        D:5 |     907 |     368 |  28.9 |      25 |       3 |  10.7
        D:6 |     385 |     194 |  33.5 |      15 |       2 |  11.8
        D:7 |     587 |       0 |   0.0 |      21 |       0 |   0.0
        D:8 |    1119 |       0 |   0.0 |      19 |       0 |   0.0
        D:9 |    1303 |       0 |   0.0 |      15 |       0 |   0.0
    Ossuary |       0 |     505 | 100.0 |       0 |      24 | 100.0
            +---------+---------+-------+---------+---------+-------
